[Event "Team 45 45 League T41"]
[Site "Internet Chess Club"]
[Date "2009.05.27"]
[Round "4"]
[White "spunni"]
[Black "cityprosecutor"]
[Result "1-0"]
[WhiteElo "1909"]
[BlackElo "1827"]
[Opening "Sicilian: dragon, Levenfish; Flohr variation"]
[ECO "B71"]
[Time "16:00:54"]
[TimeControl "2700+45"]

1. e4 c5 2. Nf3 d6 3. d4 cxd4 4. Nxd4 Nf6 5. Nc3 g6 6. f4 Nbd7 7. Be3 Bg7 8. Qf3
O-O 9. O-O-O Nc5 10. h3 Qa5 11. g3 Ncxe4 12. Nxe4 Nxe4 13. Qxe4 Qxa2 14. c3 e5
15. Nc2 Bf5 16. Qb4 Rfc8 17. Qa3 Qxa3 18. Nxa3 exf4 19. Bxf4 d5 20. Bg2 Bf8 21.
Nb5 a6 22. Nd6 Bxd6 23. Bxd6 Rd8 24. Be5 Re8 25. Bf4 Re2 26. Rd2 Rae8 27. Rhd1
d4 28. g4 dxc3 29. bxc3 Rxd2 30. Rxd2 Re1+ 31. Rd1 Re2 32. Rd2 Re1+ 33. Kb2 Rb1+
34. Ka2 {Black resigns} 1-0

[Event "Team 45 45 League T41"]
[Site "Internet Chess Club"]
[Date "2009.05.23"]
[Round "4"]
[White "kabindra"]
[Black "AronT"]
[Result "1-0"]
[WhiteElo "1826"]
[BlackElo "1896"]
[Opening "French: Tarrasch, closed variation"]
[ECO "C05"]
[Time "09:18:56"]
[TimeControl "2700+45"]

1. e4 e6 2. d4 d5 3. Nd2 Nf6 4. e5 Nfd7 5. Bd3 c5 6. c3 Nc6 7. Ne2 Qb6 8. Nf3
Be7 9. O-O f6 10. exf6 Nxf6 11. Ng3 Bd7 12. Bc2 O-O-O 13. Ne5 Rdf8 14. Nxd7 Nxd7
15. Qg4 cxd4 16. Qxe6 dxc3 17. Bf5 Qc7 18. Qxd5 Bf6 19. bxc3 Bxc3 20. Rb1 Nb8
21. Ba3 Re8 22. Rfc1 Re5 23. Qd3 Rhe8 24. Rxc3 {Black resigns} 1-0

[Event "Team 45 45 League T41"]
[Site "Internet Chess Club"]
[Date "2009.05.21"]
[Round "4"]
[White "xt"]
[Black "chess9397"]
[Result "1-0"]
[WhiteElo "1606"]
[BlackElo "1801"]
[Opening "Sicilian: accelerated fianchetto, modern variation"]
[ECO "B34"]
[Time "23:33:20"]
[TimeControl "2700+45"]

1. e4 c5 2. Nf3 g6 3. d4 cxd4 4. Nxd4 Nc6 5. Nc3 Bg7 6. Be3 Nf6 7. Be2 O-O 8.
Qd2 d5 9. exd5 Nxd5 10. Nxd5 Qxd5 11. Bf3 Qc4 12. Be2 Qd5 13. Bf3 Qe5 14. c3
Nxd4 15. cxd4 Qd6 16. O-O Rd8 17. Rfd1 Qb6 18. Rab1 Bf5 19. Rbc1 Qa6 20. b3 e5
21. d5 e4 22. Be2 Qd6 23. Bf4 Be5 24. Bxe5 Qxe5 25. Rc4 Rd6 26. Qd4 Qe7 27. Rdc1
Rad8 28. Rc7 Qg5 29. Rd1 Bh3 30. Qxe4 f5 31. Qf3 Bg4 32. Qg3 Rxd5 33. Rxd5 Rxd5
34. h4 Qd8 35. Bc4 Kf8 36. Bxd5 Qxd5 37. Rxh7 Kg8 38. Qc7 Qd1+ 39. Kh2 Qd6+ 40.
Qxd6 Kxh7 41. Qc7+ Kh6 42. Qxb7 a5 43. Qb5 a4 44. bxa4 f4 45. Qg5+ Kh7 46. Qxg4
f3 47. Qxf3 Kh6 48. a5 g5 49. hxg5+ Kxg5 50. a6 Kh6 51. Qg4 Kh7 52. a7 Kh6 53.
a8=Q Kh7 54. Qag8+ Kh6 55. Q8g6# {Black checkmated} 1-0

[Event "Team 45 45 League T41"]
[Site "Internet Chess Club"]
[Date "2009.05.22"]
[Round "4"]
[White "chess9793"]
[Black "Warpdrive"]
[Result "1/2-1/2"]
[WhiteElo "1895"]
[BlackElo "1720"]
[Opening "Alekhine's defense: modern variation, 4...Bg4"]
[ECO "B05"]
[Time "20:02:46"]
[TimeControl "2700+45"]

1. e4 Nf6 2. e5 Nd5 3. d4 d6 4. Nf3 Bg4 5. Be2 e6 6. O-O Nc6 7. h3 Bh5 8. Re1
Be7 9. c4 Nb6 10. b3 dxe5 11. dxe5 Qxd1 12. Bxd1 Nb4 13. Nbd2 Nd3 14. Rf1 O-O-O
15. Be2 Nxc1 16. Raxc1 h6 17. Ne4 Bg6 18. Nc3 Bc5 19. Nh4 Bh7 20. Nf3 Rd7 21. a4
a5 22. Rcd1 Rxd1 23. Bxd1 Bd3 24. Be2 Rd8 25. Rd1 Bxe2 26. Rxd8+ Kxd8 27. Nxe2
Nd7 28. Nc3 Bb4 29. Nb1 {Game drawn by mutual agreement} 1/2-1/2

[Event "Team 45 45 League T41"]
[Site "Internet Chess Club"]
[Date "2009.05.28"]
[Round "4"]
[White "imgr8"]
[Black "JamesWu"]
[Result "1-0"]
[WhiteElo "2031"]
[BlackElo "1927"]
[Opening "Sicilian: Alapin's variation (2.c3)"]
[ECO "B22"]
[Time "17:11:50"]
[TimeControl "2700+45"]

1. e4 c5 2. c3 d5 3. exd5 Qxd5 4. d4 Nf6 5. Nf3 Bg4 6. dxc5 Qxc5 7. Na3 Nc6 8.
Be3 Qa5 9. Qb3 O-O-O 10. Nc4 Qc7 11. Be2 e6 12. h3 Bxf3 13. Bxf3 Nd5 14. O-O
Nxe3 15. Nxe3 g5 16. Rad1 Rxd1 17. Rxd1 h5 18. Qb5 Be7 19. Bxc6 Qxc6 20. Qxc6+
bxc6 21. Nc4 f6 22. Re1 Kd7 23. Rd1+ Kc7 24. Re1 Kd7 25. Rd1+ Kc7 26. Re1 e5 27.
Rd1 Rb8 28. b3 Bc5 29. Kf1 Re8 30. b4 Bf8 31. Ne3 Rb8 32. Ke2 Rd8 33. Rxd8 Kxd8
34. g4 hxg4 35. hxg4 Kd7 36. Kd3 Bd6 37. Nf5 Bc7 38. f3 Bb6 39. a4 Ke6 40. Ke4
Bf2 41. b5 cxb5 42. axb5 Bc5 43. Ng3 Bf2 44. Ne2 Be1 45. c4 Kd6 46. Nc1 Ke6 47.
Nd3 Bc3 48. c5 Bd4 49. c6 Bb6 50. Nb4 Bd8 51. Na6 Bb6 52. Nb8 Ba5 53. Nd7 Bb4
54. b6 axb6 55. Nxb6 Kd6 56. c7 Kxc7 57. Nd5+ Kd6 58. Nxb4 {Black resigns} 1-0

[Event "Team 45 45 League T41"]
[Site "Internet Chess Club"]
[Date "2009.05.21"]
[Round "4"]
[White "wizardbar"]
[Black "proudchess"]
[Result "1-0"]
[WhiteElo "1904"]
[BlackElo "1925"]
[Opening "Sicilian defense"]
[ECO "B41"]
[Time "16:01:43"]
[TimeControl "2700+45"]

1. e4 c5 2. Nf3 e6 3. d4 cxd4 4. Nxd4 Qb6 5. Nc3 Bc5 6. Na4 Qa5+ 7. c3 Bxd4 8.
Qxd4 Nf6 9. f3 Nc6 10. Qd1 Qe5 11. Bd3 d5 12. f4 Qh5 13. Qxh5 Nxh5 14. exd5 exd5
15. Bd2 Nf6 16. O-O-O O-O 17. Rhe1 Bg4 18. Be2 Bxe2 19. Rxe2 Rfe8 20. Rde1 Rxe2
21. Rxe2 Ne4 22. c4 Rc8 23. Be3 Nb4 24. Bxa7 Rxc4+ 25. Kb1 Nd3 26. Nc3 Rxc3 27.
bxc3 Nxc3+ 28. Kc2 Nxe2 29. Kxd3 Nxf4+ 30. Kd4 Nxg2 31. Kxd5 f5 32. Kc5 f4 33.
Kb6 f3 34. Kxb7 Kf7 35. a4 Kf6 36. a5 Kf5 37. a6 Nf4 38. Bb6 Nd5 39. a7 Nxb6 40.
Kxb6 f2 41. a8=Q Kg4 42. Qg2+ {Black resigns} 1-0

[Event "Team 45 45 League T41"]
[Site "Internet Chess Club"]
[Date "2009.05.24"]
[Round "4"]
[White "Alexanderking"]
[Black "irock"]
[Result "0-1"]
[WhiteElo "1404"]
[BlackElo "1606"]
[Opening "QGD semi-Slav: Chigorin defense"]
[ECO "D46"]
[Time "10:04:27"]
[TimeControl "2700+45"]

1. d4 d5 2. c4 c6 3. e3 Nf6 4. Nc3 e6 5. Nf3 Nbd7 6. Bd3 Bd6 7. e4 dxe4 8. Nxe4
Nxe4 9. Bxe4 Nf6 10. Bd3 c5 11. Bg5 cxd4 12. Bxf6 Qxf6 13. Be4 e5 14. O-O O-O
15. Qb3 Rb8 16. Rac1 Be6 17. Qb5 Rfd8 18. c5 Bc7 19. Bxb7 Bd5 20. c6 Bxf3 21.
gxf3 Qxf3 22. Qc5 e4 23. Qe7 Qg4+ 24. Kh1 Qf4 {White resigns} 0-1

[Event "Team 45 45 League T41"]
[Site "Internet Chess Club"]
[Date "2009.05.27"]
[Round "4"]
[White "Merciful"]
[Black "Campagnolo"]
[Result "1/2-1/2"]
[WhiteElo "1906"]
[BlackElo "2038"]
[Opening "Two knights defense (Modern bishop's opening)"]
[ECO "C55"]
[Time "21:17:03"]
[TimeControl "2700+45"]

1. e4 e5 2. Nf3 Nc6 3. Bc4 Nf6 4. d3 Be7 5. O-O d6 6. c3 Na5 7. Bb5+ c6 8. Ba4
b5 9. Bc2 c5 10. Re1 h6 11. Nbd2 Nc6 12. a4 b4 13. Nc4 O-O 14. h3 Qc7 15. Ne3
Be6 16. Bb3 bxc3 17. bxc3 Rab8 18. Bxe6 fxe6 19. Nh2 Na5 20. Neg4 Nb3 21. Rb1
Nxc1 22. Rxc1 Qc6 23. Nxf6+ Bxf6 24. Qg4 Kf7 25. Qh5+ Kg8 26. Qg6 Qxa4 27. Ng4
Kh8 28. d4 exd4 29. e5 dxe5 30. cxd4 Qxd4 31. Re4 Qd2 32. Rxc5 Qg5 33. Qxg5 Bxg5
34. Rcxe5 Rb1+ 35. Re1 Rxe1+ 36. Rxe1 Re8 37. Ne5 Bd2 38. Rd1 Bc3 39. f4 g5 40.
Nf7+ Kg7 41. Rd7 Kg6 42. fxg5 hxg5 43. g4 Rf8 44. Nd8 e5 45. Nc6 a5 46. Ne7+ Kh6
47. Nf5+ Kg6 48. Ne7+ Kh6 49. Nf5+ Kg6 50. Ne7+ {Game drawn by repetition}
1/2-1/2

[Event "Team 45 45 League T41"]
[Site "Internet Chess Club"]
[Date "2009.05.26"]
[Round "4"]
[White "nosalt"]
[Black "Hubris123"]
[Result "0-1"]
[WhiteElo "2015"]
[BlackElo "2041"]
[Opening "Caro-Kann: Panov-Botvinnik attack, 5...g6"]
[ECO "B14"]
[Time "09:01:06"]
[TimeControl "2700+45"]

1. e4 c6 2. d4 d5 3. exd5 cxd5 4. c4 Nf6 5. Nc3 g6 6. Bg5 Bg7 7. Nf3 O-O 8. Ne5
Ne4 9. Bf4 f6 10. Nf3 e5 11. Be3 Nxc3 12. bxc3 e4 13. Ng1 Be6 14. Qb3 Nc6 15.
cxd5 Na5 16. Qb4 Qxd5 17. Ne2 g5 18. h4 Nc4 19. Ng3 Nxe3 20. fxe3 gxh4 21. c4
Qg5 22. Ne2 Qxe3 23. Rxh4 f5 24. Rd1 Rac8 25. d5 Bf7 26. Qb3 Qg5 27. g3 Be5 28.
Nf4 Bxf4 29. Rxf4 e3 30. Rdd4 Qxg3+ 31. Kd1 Bh5+ 32. Kc2 Qh2+ 33. Kc3 e2 34.
Bxe2 Qxe2 35. Kb4 Rf6 36. d6 Qe5 37. c5+ Bf7 38. Qc3 a5+ 39. Kb5 Rxd6 40. Qg3+
Kh8 41. Rxd6 Qxc5+ 42. Ka4 Be8+ 43. Kb3 Qc2+ 44. Ka3 Rc3+ {White resigns} 0-1

[Event "Team 45 45 League T41"]
[Site "Internet Chess Club"]
[Date "2009.05.25"]
[Round "4"]
[White "kabindra"]
[Black "ivanson"]
[Result "0-1"]
[WhiteElo "1838"]
[BlackElo "1859"]
[Opening "Scotch gambit: Dubois-Réti defense"]
[ECO "C55"]
[Time "16:00:34"]
[TimeControl "2700+45"]

1. e4 e5 2. Nf3 Nc6 3. d4 exd4 4. Bc4 Nf6 5. e5 Ne4 6. O-O d5 7. Bb5 Bg4 8. h3
Bxf3 9. Qxf3 a6 10. Bxc6+ bxc6 11. Qd3 c5 12. f3 c4 13. Qd1 Ng3 14. Re1 Bc5 15.
Kh2 Nf5 16. e6 Qd6+ 17. f4 O-O 18. exf7+ Rxf7 19. Re5 c6 20. Qg4 Ne3 21. Bxe3
dxe3 22. Nc3 Bd4 23. Qe6 {White resigns} 0-1

[Event "Team 45 45 League T41"]
[Site "Internet Chess Club"]
[Date "2009.05.25"]
[Round "4"]
[White "Budzo"]
[Black "badmove"]
[Result "1/2-1/2"]
[WhiteElo "1761"]
[BlackElo "1593"]
[Opening "Grünfeld: 5.e3"]
[ECO "D94"]
[Time "10:00:26"]
[TimeControl "2700+45"]

1. Nf3 Nf6 2. d4 g6 3. c4 Bg7 4. Nc3 d5 5. e3 O-O 6. Be2 e6 7. O-O c6 8. Bd2 Re8
9. Rc1 Nbd7 10. Qc2 e5 11. dxe5 Nxe5 12. cxd5 Nxd5 13. Nxd5 Qxd5 {Game drawn by
mutual agreement} 1/2-1/2

[Event "Team 45 45 League T41"]
[Site "Internet Chess Club"]
[Date "2009.05.24"]
[Round "4"]
[White "Fezzik"]
[Black "fileman"]
[Result "1-0"]
[WhiteElo "2039"]
[BlackElo "1926"]
[Opening "Queen's pawn: Lundin (Kevitz-Mikenas) defense"]
[ECO "A40"]
[Time "14:01:21"]
[TimeControl "2700+45"]

1. d4 Nc6 2. Nf3 Nf6 3. c4 d6 4. g3 Bg4 5. Bg2 e6 6. O-O Be7 7. Nc3 O-O 8. h3
Bh5 9. e4 a6 10. Be3 e5 11. d5 Nb8 12. a4 a5 13. Qb3 b6 14. Nd2 Na6 15. f4 exf4
16. gxf4 Nd7 17. Bf3 Bxf3 18. Nxf3 f5 19. e5 Qe8 20. e6 Ndc5 21. Qc2 Qh5 22. Kh2
Rf6 23. Bxc5 Nxc5 24. Nd4 Rh6 25. Qxf5 Rf8 26. Qxh5 Rxh5 27. Ncb5 Nd3 28. Nc6
Bf6 29. Nxc7 Nxf4 30. Rxf4 Be5 31. Nxe5 Rxf4 32. Re1 dxe5 33. e7 {Black resigns}
1-0

[Event "Team 45 45 League T41"]
[Site "Internet Chess Club"]
[Date "2009.05.21"]
[Round "4"]
[White "LoseOften"]
[Black "Ghashgork"]
[Result "0-1"]
[WhiteElo "1851"]
[BlackElo "1820"]
[Opening "KGD: classical variation"]
[ECO "C30"]
[Time "15:06:51"]
[TimeControl "2700+45"]

1. e4 e5 2. f4 Bc5 3. Nf3 d6 4. d4 exd4 5. Nxd4 Nf6 6. Nc3 Qe7 7. Qd3 Bb4 8.
Qb5+ Nc6 9. Nxc6 Bxc3+ 10. Kf2 Be1+ 11. Kg1 Qd7 12. Nd4 Nxe4 13. Be3 Bh4 14. Qh5
Bf6 15. Bd3 Nc5 16. Bc4 O-O 17. b4 Ne6 18. Nxe6 fxe6 19. Rf1 Qf7 20. Qh3 d5 21.
Bd3 g6 22. Rf3 e5 23. f5 e4 24. fxg6 hxg6 {White resigns} 0-1

[Event "Team 45 45 League T41"]
[Site "Internet Chess Club"]
[Date "2009.05.24"]
[Round "4"]
[White "Thersites"]
[Black "Steinwitz"]
[Result "1/2-1/2"]
[WhiteElo "1700"]
[BlackElo "1710"]
[Opening "Queen's gambit accepted"]
[ECO "D26"]
[Time "18:00:26"]
[TimeControl "2700+45"]

1. d4 d5 2. c4 dxc4 3. e3 Nf6 4. Bxc4 e6 5. Nf3 a6 6. O-O b5 7. Bb3 Bb7 8. Nc3
Be7 9. Bd2 O-O 10. Rc1 Nbd7 11. a3 c5 12. Qe2 Rc8 13. Rfd1 cxd4 14. Nxd4 Nc5 15.
Ba2 Qb6 16. b4 Nce4 17. Rc2 Rfd8 18. Rdc1 Nxd2 19. Rxd2 Ne4 {Game drawn by
mutual agreement} 1/2-1/2

[Event "Team 45 45 League T41"]
[Site "Internet Chess Club"]
[Date "2009.05.22"]
[Round "4"]
[White "Beancounter"]
[Black "civilization"]
[Result "1/2-1/2"]
[WhiteElo "1668"]
[BlackElo "1662"]
[Opening "Old Indian defense"]
[ECO "A42"]
[Time "14:05:50"]
[TimeControl "2700+45"]

1. d4 d6 2. c4 e5 3. dxe5 dxe5 4. Qxd8+ Kxd8 5. Nf3 f6 6. Nc3 Be6 7. e4 c6 8.
Be2 Nd7 9. Be3 Kc7 10. O-O g6 11. Rfd1 Bh6 12. Bxh6 Nxh6 13. Rac1 Nf7 14. Nd5+
Bxd5 15. cxd5 Nd8 16. dxc6 Nxc6 17. b4 a6 18. a4 Kd8 19. b5 axb5 20. axb5 Ne7
21. Rd6 Nc8 22. Rd2 Nb6 23. Rcd1 Ke7 24. h4 Rhd8 25. Nh2 Nc5 26. f3 Rxd2 27.
Rxd2 Rd8 28. Nf1 Ne6 29. Rxd8 Kxd8 30. Ne3 Nd4 31. Bf1 Kd7 32. Ng4 Ke6 33. Kf2
h5 34. Ne3 f5 35. exf5+ gxf5 36. g4 fxg4 37. fxg4 hxg4 38. Kg3 Nf5+ 39. Nxf5
Kxf5 40. Be2 Nd5 41. Bxg4+ Kf6 42. Bf3 Nc3 43. Bxb7 Nxb5 44. Be4 Nd6 45. Kf3
Nxe4 46. Kxe4 Kg6 {Game drawn by mutual agreement} 1/2-1/2

[Event "Team 45 45 League T41"]
[Site "Internet Chess Club"]
[Date "2009.05.23"]
[Round "4"]
[White "CalyDeArgentina"]
[Black "HumanTornado"]
[Result "1-0"]
[WhiteElo "1817"]
[BlackElo "1942"]
[Opening "QGD semi-Slav: Meran, Wade variation"]
[ECO "D47"]
[Time "03:00:35"]
[TimeControl "2700+45"]

1. d4 d5 2. c4 e6 3. Nc3 c6 4. Nf3 Nf6 5. e3 Nbd7 6. Bd3 dxc4 7. Bxc4 b5 8. Bd3
Bb7 9. O-O a6 10. Qe2 c5 11. dxc5 Bxc5 12. a3 O-O 13. b4 Bd6 14. Bb2 Qe7 15.
Rfd1 Rac8 16. Rac1 Rfd8 17. Bb1 Nb6 18. Nd2 Bb8 19. Nde4 Nxe4 20. Nxe4 Rxc1 21.
Rxc1 Bxh2+ 22. Kxh2 Qh4+ 23. Kg1 Bxe4 24. Bxe4 Qxe4 25. Qh5 Nc4 26. Qg5 f6 27.
Bxf6 Rd7 28. Bd4 e5 29. Bc5 h6 30. Qh5 Kh7 31. Qe8 Qg6 32. Qxd7 {Black resigns}
1-0

[Event "Team 45 45 League T41"]
[Site "Internet Chess Club"]
[Date "2009.05.23"]
[Round "4"]
[White "jack25"]
[Black "chipionero"]
[Result "1-0"]
[WhiteElo "1911"]
[BlackElo "1676"]
[Opening "Sicilian: Najdorf, Byrne (English) attack"]
[ECO "B90"]
[Time "06:04:42"]
[TimeControl "2700+45"]

1. e4 c5 2. Nf3 d6 3. d4 cxd4 4. Nxd4 Nf6 5. Nc3 a6 6. Be3 e5 7. Nf3 h6 8. Bc4
Qc7 9. Bb3 Nc6 10. O-O Na5 11. Nd5 Nxd5 12. Bxd5 Be6 13. Bxe6 fxe6 14. Nh4 Qf7
15. f4 Qf6 16. Qh5+ Kd7 17. fxe5 Qxe5 18. Rf7+ Be7 19. Rxe7+ {Black resigns} 1-0

[Event "Team 45 45 League T41"]
[Site "Internet Chess Club"]
[Date "2009.05.24"]
[Round "4"]
[White "IceBox"]
[Black "isolani"]
[Result "1-0"]
[WhiteElo "1747"]
[BlackElo "1533"]
[Opening "Bogo-Indian defense"]
[ECO "E11"]
[Time "09:00:05"]
[TimeControl "2700+45"]

1. d4 Nf6 2. c4 e6 3. Nf3 Bb4+ 4. Bd2 Bxd2+ 5. Nbxd2 b6 6. e4 O-O 7. Bd3 d6 8.
O-O e5 9. dxe5 dxe5 10. Nxe5 Qd4 11. Ndf3 Bb7 12. Nxd4 {Black resigns} 1-0

[Event "Team 45 45 League T41"]
[Site "Internet Chess Club"]
[Date "2009.05.24"]
[Round "4"]
[White "budugu"]
[Black "egd01"]
[Result "1-0"]
[WhiteElo "1656"]
[BlackElo "1519"]
[Opening "Sicilian: Najdorf, 6...e6"]
[ECO "B95"]
[Time "13:32:19"]
[TimeControl "2700+45"]

1. e4 c5 2. Nf3 d6 3. d4 cxd4 4. Nxd4 Nf6 5. Nc3 a6 6. Bg5 e6 7. Bc4 Nc6 8. Bb3
Be7 9. O-O O-O 10. Nf3 b5 11. a3 Na5 12. Ba2 Nc4 13. Rb1 Bb7 14. Re1 Rc8 15.
Bxc4 Rxc4 16. e5 Nd5 17. Bxe7 Qxe7 18. Nxd5 Bxd5 19. exd6 Qxd6 20. b3 Rc3 21.
Nd4 Qxa3 22. Ne2 Rc7 23. Nf4 Qd6 24. Qg4 Qb4 25. Qg3 Qd6 26. Re2 Rfc8 27. Rbe1
Rxc2 28. Re5 Rc1 29. f3 Rxe1+ 30. Qxe1 Qc5+ 31. Kf1 Qa3 32. Kf2 Qxb3 33. Nxd5
exd5 34. Re8+ Rxe8 35. Qxe8# {Black checkmated} 1-0